 Dungeon Crawl Stone Soup version 0.25-a0-425-g0e000e855e (webtiles) character file.

Game seed: 6129820658011999456, levelgen mode: deterministic

65 Jooffin the Skirmisher (level 4, -11/49 HPs)
             Began as an Ogre Berserker on Jan 24, 2020.
             Was a Believer of Trog.
             Mangled by a gnoll
             ... wielding a +0 spear
              (13 damage)
             ... on level 2 of the Dungeon.
             The game lasted 00:04:58 (1581 turns).

Jooffin the Skirmisher (Ogre Berserker)             Turns: 1581, Time: 00:04:59

Health: -11/49     AC:  3    Str: 20 (21) XL:     4   Next: 13%
Magic:  4/4        EV: 10    Int:  5 (8)  God:    Trog [**....]
Gold:   83         SH:  0    Dex:  8 (9)  Spells: 3/3 levels left

rFire    . . .     SeeInvis .   a - +0 hand axe
rCold    . . .     Gourm    .   (no shield)
rNeg     . . .     Faith    .   b - +0 animal skin
rPois    .         Spirit   .   (helmet restricted)
rElec    .         Reflect  .   (no cloak)
rCorr    .         Harm     .   (gloves unavailable)
MR       .....                  (boots unavailable)
Stlth    +.........             (no amulet)
HPRegen  0.16/turn              (no ring)
MPRegen  0.09/turn              (no ring)

@: no status effects
A: large, unfitting armour, tough skin 1
a: Berserk, Trog's Hand, Renounce Religion


You were on level 2 of the Dungeon.
You worshipped Trog.
Trog was pleased with you.
You were not hungry.

You visited 1 branch of the dungeon, and saw 2 of its levels.

You collected 83 gold pieces.

Inventory:

Hand Weapons
 a - a +0 hand axe (weapon)
Armour
 b - a +0 animal skin (worn)
Scrolls
 e - 4 scrolls of identify {unknown}
 f - a scroll of blinking {unknown}
 g - 2 scrolls of enchant armour {unknown}
 h - a scroll of enchant weapon {unknown}
 k - 4 scrolls of teleportation {unknown}
 m - a scroll of remove curse {unknown}
 n - a scroll of noise {unknown}
Potions
 d - a potion of magic {unknown}
 j - a potion of curing {unknown}
 l - a potion of berserk rage {unknown}
 o - a potion of mutation {unknown}
 p - a potion of cancellation {unknown}
Comestibles
 c - 6 rations
 i - 7 chunks of flesh


   Skills:
 + Level 4.5 Fighting
 + Level 4.0 Axes
 + Level 3.3 Dodging
 + Level 0.1 Stealth


You had 3 spell levels left.
You didn't know any spells.
Your spell library was empty.

Dungeon Overview and Level Annotations

Branches:
Dungeon (2/15)

Altars:


Innate Abilities, Weirdness & Mutations

You are too large for most types of armour.
You have tough skin. (AC +1)


Message History

You closely miss the gnoll. You hit the gnoll. You barely miss the gnoll.
The gnoll barely misses you.
The gnoll hits you from afar with a +0 spear.
The gnoll barely misses you. The gnoll hits you.
You hit the gnoll.
The gnoll is lightly wounded.
You hit the gnoll but do no damage. You hit the gnoll.
The gnoll barely misses you. The gnoll closely misses you. The gnoll hits you.
The gnoll barely misses you. The gnoll hits you with a +0 whip.
You hit the gnoll but do no damage.
The gnoll is lightly wounded.
You hit the gnoll but do no damage. x2
The gnoll hits you from afar with a +0 spear!
* * * LOW HITPOINT WARNING * * *
The gnoll hits you.
* * * LOW HITPOINT WARNING * * *
The gnoll barely misses you. The gnoll hits you with a +0 whip.
* * * LOW HITPOINT WARNING * * *
The gnoll hits you from afar with a +0 spear!
You die...

##########
#######ggg......
........g.....#
#######@#####.#
#....##.#...#
#.##.##.#.#.#
#.##.##.#.#.#
#.##.##.#.#.#
#.##....#.#.# #
#.####......#.# #
#...........#.#####
####
######.###...>.....
...


You could see 4 gnolls.

Vanquished Creatures
  An adder (D:2)
  An ooze (D:2)
  3 dart slugs
  3 goblins
  6 hobgoblins
  8 jackals
  A quokka (D:2)
  3 bats
  5 frilled lizards
  6 kobolds
  6 rats
43 creatures vanquished.

Notes
Turn   | Place    | Note
-------+----------+-------------------------------------------
     0 | D:1      | Jooffin the Ogre Berserker began the quest for the Orb.
     0 | D:1      | Reached XP level 1. HP: 24/24 MP: 1/1
    42 | D:1      | Reached XP level 2. HP: 9/32 MP: 2/2
   594 | D:1      | Reached XP level 3. HP: 35/40 MP: 3/3
  1134 | D:2      | Reached ** piety under Trog
  1464 | D:2      | Reached XP level 4. HP: 48/49 MP: 4/4
  1580 | D:2      | HP: 2/49 [gnoll/+0 whip (4)]
  1581 | D:2      | Mangled by a gnoll

Levels and vault maps discovered:
D:1:      dpeg_arrival_boxorama, layout_basic
D:2:      layout_basic

Skill      XL: |  1  2  3  4 |
---------------+-------------+-----
Dodging        | 3 |  3.3
Axes           | 4 |  4.0
Fighting       | |  4.5
Stealth        | |  0.1

Action                   |  1- 3 |  4- 6 || total
-------------------------+-------+-------++-------
Melee: Hand axe          |   144 |    12 ||   156
  Use: Potion            |     2 |       ||     2
  Eat: Chunk             |     2 |       ||     2
Armor: Animal skin       |    38 |     1 ||    39
Dodge: Dodged            |    90 |    13 ||   103

Table legend:
 A = Non-vault XP
 B = Vault XP
 C = Vault XP percentage of total XP
 D = Non-vault monster count
 E = Vault monster count
 F = Vault count percentage of total count
                 A         B        C        D         E       F
            +---------+---------+-------+---------+---------+-------
      Total |      93 |       0 |   0.0 |      43 |       0 |   0.0
            +---------+---------+-------+---------+---------+-------
        D:1 |      43 |       0 |   0.0 |      24 |       0 |   0.0
        D:2 |      50 |       0 |   0.0 |      19 |       0 |   0.0
            +---------+---------+-------+---------+---------+-------
